 Dungeon Crawl Stone Soup version 0.29-a0-284-gf9362112df (webtiles) character file.

Game seed: 16651450780014103070

1556 spaghetti the Sneak (level 8, -1/61 HPs)
             Began as a Demonspawn Delver on Mar 24, 2022.
             Was a Priest of Lugonu.
             Succumbed to a killer bee's poison
             ... on level 9 of the Dungeon.
             The game lasted 00:12:21 (8113 turns).

spaghetti the Sneak (Demonspawn Delver)             Turns: 8113, Time: 00:12:21

Health: -1/61      AC:  3    Str: 13    XL:     8   Next: 58%
Magic:  0/12       EV: 12    Int: 12    God:    Lugonu [***...]
Gold:   343        SH:  0    Dex: 22    Spells: 7/7 levels left

rFire   . . .      SeeInvis .   o - +4 dagger (vamp) {short}
rCold   . . .      Faith    .   (no shield)
rNeg    . . .      Spirit   .   b - +0 leather armour
rPois   .          Reflect  .   (no helmet)
rElec   .          Harm     .   (no cloak)
rCorr   .          Rampage  .   (no gloves)
Will    .....                   (no boots)
Stlth   +++++++...              (no amulet)
HPRegen 0.20/turn               (no ring)
MPRegen 0.13/turn               (no ring)

@: mighty, lethally poisoned (-1 -> -10)
A: thin skeletal structure 3, powered by pain 2, weakness stinger 1, screaming
1, inhibited regeneration
a: Renounce Religion, Depart the Abyss, Bend Space, Banish


You were on level 9 of the Dungeon.
You worshipped Lugonu.
Lugonu was most pleased with you.
You visited 1 branch of the dungeon, and saw 9 of its levels.

You collected 343 gold pieces.


Innate Abilities, Weirdness & Mutations

You have an unnaturally thin skeletal structure. (Dex +6, Stealth+++)
You sometimes gain power by taking damage.
You have a small tail.
You occasionally shout uncontrollably at your foes.
You do not regenerate when monsters are visible.


   Skills:
 + Level 4.8 Fighting
 - Level 6.1 Short Blades
 - Level 1.7 Maces & Flails
 - Level 1.7 Dodging
 - Level 7.3 Stealth
 - Level 6.0 Invocations


You had 7 spell levels left.
You didn't know any spells.
Your spell library was empty.

Inventory:

Hand Weapons
 a - a +0 mace {mace}
 j - a +0 rapier {short}
   (You found it on level 3 of the Dungeon)
 o - a +4 vampiric dagger (weapon) {short}
   (You found it on level 2 of the Dungeon)
 t - a +0 flail of protection {mace}
   (You took it off an orc on level 7 of the Dungeon)
 w - a +0 long sword of freezing {long}
   (You found it on level 7 of the Dungeon)
Missiles
 i - 98 stones (quivered) {throwing}
 k - 7 poisoned darts {throwing}
 q - 3 silver boomerangs {throwing}
 r - 6 boomerangs {throwing}
Armour
 b - a +0 leather armour (worn)
Magical Staves
 u - a staff of earth {!astaff}
   (You found it on level 5 of the Dungeon)
Jewellery
 l - the ring "Caid" {rElec rN+ MP+9 Dex-2}
   (You took it off a goblin on level 2 of the Dungeon)

   [ring of magical power]

   Dex:       It affects your dexterity (-2).
   rElec:     It insulates you from electricity.
   rN:        It protects you from negative energy.
   MP:        It affects your magic capacity (+9).
 x - a ring of ice
   (You found it on level 7 of the Dungeon)
Wands
 g - a wand of digging (3)
 v - a wand of charming (12)
   (You found it on level 7 of the Dungeon)
Scrolls
 c - a scroll of fog
 d - 2 scrolls of magic mapping {!r}
 m - 2 scrolls of teleportation {@r4}
 p - a scroll of vulnerability {!r!r}
Potions
 e - 2 potions of mutation {!q}
 f - a potion of haste {@q3}
 h - a potion of flight

Dungeon Overview and Level Annotations

Branches:
Dungeon (9/15)             Temple (0/1) D:5
   Lair: D:8-11         Orc: D:9-12

Altars:
Ashenzari
The Shining One
Lugonu

Shops:
D:1 *

Annotations:
D:3 2 transporters
D:5 2 transporters, Psyclone's ghost, amateur OpVM
Abyss:1 Maggie

#..h....+
#.......#
+.......#
#.......#
#.......#
#<......#
#.).....#
#.......###
#####...@ยง#
########ยง##
..........#
..........#
......@...ยงยง#
....
..........# ...


There were no monsters in sight!


Message History

You hit the killer bee but do no damage.
You feel sick.
The killer bee barely misses you. x2 ๐Ÿ˜• HP[-1]
You take 1 damage, and now have 51/58 hp.
You feel very mighty all of a sudden.
You feel sick. The killer bee closely misses you. The killer bee misses you.
The killer bee stings you. x2
You are more poisoned.
The killer bee poisons you! ๐Ÿ˜ฎ HP[-11]
You take 11 damage, and now have 40/58 hp.
You hit the killer bee.
You feel sick. The killer bee stings you.
The killer bee closely misses you. ๐Ÿ˜ฎ HP[-5]
You take 5 damage, and now have 35/58 hp.
You puncture the killer bee!
You feel better.
You kill the killer bee!
Lugonu accepts your kill.
You feel sick.
The killer bee barely misses you. ๐Ÿ˜ฎ HP[+3]
You regained 3 hp, and now have 38/58 hp.
You puncture the killer bee!
You feel better.
You feel sick. The killer bee barely misses you.
The killer bee stings you! ๐Ÿ˜ฎ HP[-5]
You take 5 damage, and now have 33/58 hp.
You barely miss the killer bee.
You feel sick. The killer bee misses you. The killer bee stings you.
* * * LOW HITPOINT WARNING * * *
๐Ÿ˜จ HP[-5]
You take 5 damage, and now have 28/58 hp.
You barely miss the killer bee.
Your tail-slap misses the killer bee.
You feel sick. The killer bee stings you!
* * * LOW HITPOINT WARNING * * *
The killer bee closely misses you. The killer bee stings you.
* * * LOW HITPOINT WARNING * * *
You are more poisoned.
The killer bee poisons you!
The killer bee closely misses you. ๐Ÿ˜จ HP[-10]
You take 10 damage, and now have 18/58 hp.
Okay, then.
Okay, then.
You are mighty.
You are seriously poisoned (18 -> 6).
Your movement speed is average.
Your attack delay is about 0.7.
Unknown command.
Press: ? - help, Shift-Dir - straight line, f - killer bee
Aim: a killer bee (chance to affect: 88%)
The killer bee is devoured by a tear in reality.
Lugonu claims a new guest.
You feel very sick. The killer bee stings you!
* * * LOW HITPOINT WARNING * * *
You are more poisoned.
The killer bee poisons you! The killer bee closely misses you.
Your Short Blades skill increases to level 6! ๐Ÿ˜ฑ HP[-10] MP[-4]
You take 10 damage, and now have 8/58 hp.
You lost 4 mp, and now have 8/12 mp.
Unknown command.
Unknown command.
Press: ? - help, Shift-Dir - straight line, f - killer bee
Aim: a killer bee (translocational energy, severely wounded, chance to affect: 88%)
The killer bee is devoured by a tear in reality.
Lugonu claims a new guest.
* * * LOW HITPOINT WARNING * * *
You feel very sick.
Your Invocations skill increases to level 6! ๐Ÿ˜ฑ HP[-3] MP[-4]
You take 3 damage, and now have 5/58 hp.
You lost 4 mp, and now have 4/12 mp.
Unknown command.
You don't know any spells.
Unknown command.
You are mighty.
You are lethally poisoned (5 -> -7).
Your movement speed is average.
Your attack delay is about 0.6.
Unknown command.
Okay, then.
Press: ? - help, Shift-Dir - straight line, f - Maggie
Aim: Maggie, wielding a +2 scimitar of flaming and wearing +0 swamp dragon scales (wandering, hasn't noticed you, chance to affect: 83%) Maggie shouts!
Maggie is devoured by a tear in reality.
Lugonu claims a new guest.
* * * LOW HITPOINT WARNING * * *
You feel very sick.
Your Fighting skill increases to level 4! ๐Ÿ˜ฑ HP[-3] MP[-4]
You now have 61 max hp (+3).
You lost 4 mp, and now have 0/12 mp.
Unknown command.
You don't know any spells.
Unknown command.
You are mighty.
You are lethally poisoned (2 -> -7).
Your movement speed is average.
Your attack delay is about 0.6.
Okay, then.
Really quaff
e - 3 potions of mutation {!q}?
Really quaff the potion of mutation?
You feel extremely strange.
Your bones become less dense.
You feel the urge to shout.
Your regeneration stops near monsters.
You die...

Skill      XL: |  1  2  3  4  5  6  7  8 |
---------------+-------------------------+-----
Stealth        | 5 6 7 |  7.3
Short Blades   | 1 2 3 4 5 6 |  6.1
Invocations    | 1 2 3 4 5 6 |  6.0
Fighting       | 4 |  4.8
Maces & Flails | |  1.7
Dodging        | |  1.7

Action                   |  1- 3 |  4- 6 |  7- 9 || total
-------------------------+-------+-------+-------++-------
Melee: Mace              |    20 |       |       ||    20
       Rapier            |    73 |       |    16 ||    89
       Tailslap          |     5 |    30 |    16 ||    51
       Dagger            |     4 |   152 |   106 ||   262
       Punch             |       |     1 |       ||     1
Throw: Stone             |    67 |    67 |    16 ||   150
Invok: Bend Space        |       |     3 |     3 ||     6
       Banish            |       |     1 |     4 ||     5
  Use: Scroll            |     6 |       |     2 ||     8
       Potion            |       |     6 |     3 ||     9
 Stab: Sleeping          |    16 |     1 |     5 ||    22
       Distracted        |       |       |     1 ||     1
Armor: Leather armour    |    26 |    23 |    16 ||    65
       Skin              |       |    35 |       ||    35
Dodge: Dodged            |    62 |    83 |    74 ||   219

Levels and vault maps discovered:
D:1:      kennysheep_arrival_seaside, layout_loops_corners,
          nicolae_ecumenical_lake_church, serial_shops, nicolae_shop_statue_plus
D:2:      layout_basic, minmay_randomly_rotated_circles
D:3:      gammafunk_wand_slinger, layout_loops_corners,
          mainiacjoe_overflow_cross_hatched
D:4:      layout_basic, corexii_corridor_pit
D:5:      layout_rooms, overflow_temple_1_default,
          minmay_temple_entry_mini_moons, gammafunk_ghost_smash
D:6:      layout_basic, serial_glass, glass_columns_c, glass_columns_b,
          amcnicky_mini_pool_small, grunt_decor_arrowhead, serial_bayou_lake_a
D:7:      layout_cave_pools, serial_gnoll_camp, gnoll_camp_mini_house,
          gnoll_camp_medium_02, gnoll_camp_mini_doghouse,
          gnoll_camp_mini_doghouse, gnoll_camp_mini_hut, gnoll_camp_mini_hut,
          uniq_pikel
D:8:      layout_basic, old_standard_altar, serial_shops,
          nicolae_inconvenience_store, uniq_erica
D:9:      layout_roguey, minitemple, nicolae_wooded_promenade, uniq_harold,
          uniq_maggie

Notes
Turn   | Place    | Note
-------+----------+-------------------------------------------
     0 | D:5      | spaghetti the Demonspawn Delver began the quest for the
                  | Orb.
     0 | D:5      | Reached XP level 1. HP: 18/18 MP: 1/1
     0 | D:5      | magus.rc [v1.9.6]
     2 | D:5      | Noticed a scorpion
    99 | D:5      | Noticed an orc priest
    99 | D:5      | Noticed an ogre
   105 | D:4      | HP: 3/18 [orc priest/+0 falchion (3)]
   627 | D:3      | Found a transporter.
   633 | D:3      | Noticed an orc priest
   656 | D:3      | Found a transporter.
   672 | D:3      | Reached skill level 5 in Stealth
   672 | D:3      | Gained mutation: You have a somewhat thin skeletal
                  | structure. (Dex +2, Stealth+) [demonic ancestry]
   672 | D:3      | Reached XP level 2. HP: 24/24 MP: 2/2
  1396 | D:1      | Gained mutation: You have a small tail. [demonic ancestry]
  1396 | D:1      | Reached XP level 3. HP: 29/29 MP: 3/3
  1472 | D:1      | Found a faded altar of an unknown god.
  1544 | D:1      | Prayed at the altar of an unknown god.
  1544 | D:1      | Became a worshipper of Lugonu the Unformed
  1544 | D:1      | Reached * piety under Lugonu
  1544 | D:1      | Reached ** piety under Lugonu
  1757 | D:1      | Found Jadengah's Assorted Antiques.
  2337 | D:2      | Identified the ring "Caid" {rElec rN+ MP+9 Dex-2}
  2504 | D:2      | Reached skill level 1 in Short Blades
  2711 | D:2      | Reached skill level 1 in Invocations
  2711 | D:2      | Reached XP level 4. HP: 27/35 MP: 4/4
  2712 | D:2      | HP: 7/35 [gnoll/+0 spear (10)]
  3684 | D:4      | Reached skill level 2 in Short Blades
  3905 | D:4      | Noticed a scorpion
  3920 | D:4      | Killed a scorpion
  3921 | D:4      | Reached skill level 6 in Stealth
  3921 | D:4      | Reached skill level 2 in Invocations
  3921 | D:4      | Gained mutation: You sometimes gain a little power by
                  | taking damage. [demonic ancestry]
  3921 | D:4      | Reached XP level 5. HP: 15/41 MP: 6/6
  4382 | D:5      | Found a broken altar of Ashenzari.
  4389 | D:5      | Found a staircase to the Ecumenical Temple.
  4405 | D:5      | Reached skill level 3 in Short Blades
  4612 | D:4      | HP: 9/41 [orc/+0 whip (5)]
  4861 | D:4      | Reached skill level 3 in Invocations
  4861 | D:4      | Gained mutation: You have a moderately thin skeletal
                  | structure. (Dex +4, Stealth++) [demonic ancestry]
  4861 | D:4      | Reached XP level 6. HP: 28/47 MP: 8/8
  5025 | D:5      | Noticed a steam dragon
  5025 | D:5      | Found a transporter.
  5249 | D:5      | Reached *** piety under Lugonu
  5276 | D:5      | Banished a steam dragon
  5283 | D:5      | Reached skill level 4 in Short Blades
  5283 | D:5      | Reached skill level 4 in Invocations
  5283 | D:5      | Gained mutation: You sometimes gain power by taking damage.
                  | [demonic ancestry]
  5283 | D:5      | Reached XP level 7. HP: 30/52 MP: 4/10
  5917 | D:5      | HP: 1/52 [ogre/+0 giant spiked club (30)]
  6307 | D:5      | Noticed Psyclone's ghost (amateur OpVM)
  6308 | D:5      | Found a transporter.
  6776 | D:6      | Reached skill level 5 in Short Blades
  6843 | D:6      | Reached skill level 5 in Invocations
  6895 | D:6      | Reached skill level 7 in Stealth
  7384 | D:7      | Noticed a wyvern
  7391 | D:7      | Reached XP level 8. HP: 46/58 MP: 12/12
  7802 | D:8      | HP: 5/58 [kobold brigand/+0 short sword (10)]
  7808 | D:8      | HP: 3/58 [kobold/+0 whip (5)]
  7814 | D:9      | HP: 4/58 [kobold/+0 whip (3)]
  8095 | D:9      | Noticed Maggie
  8110 | D:9      | HP: 8/58 [killer bee (7)]
  8111 | D:9      | Reached skill level 6 in Short Blades
  8112 | D:9      | Reached skill level 6 in Invocations
  8112 | D:9      | Banished Maggie
  8112 | D:9      | HP: 2/58 [poisoned by a killer bee]
  8113 | D:9      | Reached skill level 4 in Fighting
  8113 | D:9      | Gained mutation: You have an unnaturally thin skeletal
                  | structure. (Dex +6, Stealth+++) [potion of mutation]
  8113 | D:9      | Gained mutation: You occasionally shout uncontrollably at
                  | your foes. [potion of mutation]
  8113 | D:9      | Gained mutation: You do not regenerate when monsters are
                  | visible. [potion of mutation]
  8113 | D:9      | Succumbed to a killer bee's poison

Vanquished Creatures
  An ice beast (D:6)
  An ogre (D:5)
  3 scorpions
  A killer bee (D:9)
  3 howler monkeys (D:6)
  2 orc priests
  2 hounds
  2 iguanas
  5 orc wizards
  5 gnolls
  5 adders
  A white imp (D:5)
  4 dart slugs
  12 orcs
  6 ball pythons
  7 endoplasms
  3 giant cockroaches
  13 goblins
  7 hobgoblins
  6 quokkas
  5 bats
  2 frilled lizards
  10 kobolds
  4 rats
110 creatures vanquished.

Vanquished Creatures (others)
  11 plants (D:6)
11 creatures vanquished.

Grand Total: 121 creatures vanquished

Table legend:
 A = Non-vault XP
 B = Vault XP
 C = Vault XP percentage of total XP
 D = Non-vault monster count
 E = Vault monster count
 F = Vault count percentage of total count
                 A         B        C        D         E       F
            +---------+---------+-------+---------+---------+-------
      Total |    1806 |     417 |  18.8 |     106 |       9 |   7.8
            +---------+---------+-------+---------+---------+-------
        D:1 |      38 |       0 |   0.0 |      20 |       0 |   0.0
        D:2 |      64 |      12 |  15.8 |      14 |       6 |  30.0
        D:3 |      36 |       0 |   0.0 |      14 |       0 |   0.0
        D:4 |     216 |       0 |   0.0 |      19 |       0 |   0.0
        D:5 |     580 |       0 |   0.0 |      14 |       0 |   0.0
        D:6 |     679 |       0 |   0.0 |      16 |       0 |   0.0
        D:7 |       3 |      29 |  90.6 |       1 |       2 |  66.7
        D:8 |       7 |       0 |   0.0 |       4 |       0 |   0.0
        D:9 |     183 |     376 |  67.3 |       4 |       1 |  20.0
            +---------+---------+-------+---------+---------+-------

Illustrated notes

Table legend:
 A = Kills in this place as a percentage of kills in entire the game.
 B = Kills by you in this place as a percentage of kills by you in the entire game.
 C = Kills by friends in this place as a percentage of kills by friends in the entire game.
 D = Other kills in this place as a percentage of other kills in the entire game.
 E = Experience gained in this place as a percentage of experience gained in the entire game.
 F = Experience gained in this place divided by the number of levels of this place that you have seen.
                   A       B       C       D       E      F
               +-------+-------+-------+-------+-------+----------------------
         Total | 100.0 | 100.0 |   N/A | 100.0 | 100.0 | 247.0
       Dungeon | 100.0 | 100.0 |   N/A | 100.0 | 100.0 | 247.0
               +-------+-------+-------+-------+-------+----------------------

Table legend: (Time is in decaauts)
 A = Elapsed time spent in this place.
 B = Non-inter-level travel time spent in this place.
 C = Inter-level travel time spent in this place.
 D = Time resting spent in this place.
 E = Time spent auto-exploring this place.
 F = Levels seen in this place.
 G = Mean time per level.
                   A        B        C        D        E       F      G
               +--------+--------+--------+--------+--------+-----+--------+
         Total |   8095 |   7815 |    280 |   2535 |   4055 |   9 |  899.4 |
       Dungeon |   8095 |   7815 |    280 |   2535 |   4055 |   9 |  899.4 |
               +--------+--------+--------+--------+--------+-----+--------+

Top non-repeatable levels by time:
     D:4: 1680 daAuts
     D:3: 1438 daAuts
     D:1: 1319 daAuts
     D:6: 1306 daAuts
     D:5: 1214 daAuts
     D:2: 761 daAuts
     D:9: 298 daAuts
     D:7: 45 daAuts
     D:8: 30 daAuts
